 Dungeon Crawl Stone Soup version 0.31.0-11-ge490571c62 (webtiles) character file.

Game seed: 6389519367441680651

368 DeltaZero the Chiller (level 6, 0/41 HPs)
             Began as a Human Ice Elementalist on Feb 6, 2024.
             Was an Initiate of Vehumet.
             Slain by a black bear (12 damage)
             ... on level 4 of the Dungeon.
             The game lasted 00:26:16 (4378 turns).

DeltaZero the Chiller (Human Ice Elementalist)      Turns: 4378, Time: 00:26:18

Health: 0/41       AC:  2    Str:  8    XL:     6   Next: 69%
Magic:  0/13       EV: 18    Int: 17    God:    Vehumet [......]
Gold:   124        SH:  0    Dex: 14    Spells: 7/14 levels left

rFire   . . .        j - +0 whip (freeze)
rCold   . . .        (no shield)
rNeg    . . .        a - +0 robe
rPois   .            (no helmet)
rElec   .            (no cloak)
rCorr   .            (no gloves)
SInv    .            (no boots)
Will    .....        (no amulet)
Stlth   ++           k - +5 ring of evasion
HPRegen 0.26/turn    (no ring)
MPRegen 0.13/turn

%: no passive effects
@: no status effects
A: explore regen
a: Renounce Religion


You were on level 4 of the Dungeon.
You worshipped Vehumet.
Vehumet was noncommittal.
You visited 1 branch of the dungeon, and saw 4 of its levels.

You collected 124 gold pieces.

Inventory:

Hand Weapons
 g - a +2 vampiric hand axe
 i - a +4 mace
 j - a +0 whip of freezing (weapon)
 r - a +0 quarterstaff
Missiles
 n - a throwing net
Armour
 a - a +0 robe (worn)
Jewellery
 k - a +5 ring of evasion (left hand)
Wands
 c - a wand of roots (8)
Scrolls
 d - 2 scrolls of poison
 h - a scroll of teleportation
 l - a scroll of blinking
Potions
 b - a potion of magic
 e - 2 potions of curing
 f - 2 potions of invisibility


   Skills:
 + Level 0.3 Fighting
 + Level 0.3 Maces & Flails
 + Level 2.9 Dodging
 + Level 2.2 Stealth
 + Level 4.7 Spellcasting
 + Level 5.4 Ice Magic
 + Level 0.1 Evocations


You had 7 spell levels left.
You knew the following spells:

 Your Spells              Type           Power      Damage    Failure   Level
a - Freeze                Ice            88%        1d9       1%          1
b - Frozen Ramparts       Ice            44%        1d7       4%          3
c - Hailstorm             Conj/Ice       13%        3d6       14%         3

Your spell library contained the following spells:

 Spells                   Type           Power      Damage    Failure   Level
 Ozocubu's Armour         Ice            22%        N/A       4%          3
 Summon Ice Beast         Ice/Summ       13%        N/A       14%         3
 Sculpt Simulacrum        Ice/Alch       6%         N/A       100%        6


Dungeon Overview and Level Annotations

Branches:
Dungeon (4/15)
 Temple: D:4-7

Altars:
Dithmenos
Makhleb
Vehumet
Xom
Zin


Innate Abilities, Weirdness & Mutations

You regain HP and MP as you explore.


Message History

Confirm with . or Enter, or press ? or * to list all spells.
Aiming: Freeze (safe; 1% risk of failure)
Press: ? - help, Shift-Dir - straight line, f - black bear
Aim: a black bear (moderately wounded)
You freeze the black bear.
The black bear is moderately wounded.
The wall freezes the black bear.
The black bear misses you. The black bear closely misses you.
The black bear claws you.
You hit the black bear. You freeze the black bear.
The black bear is heavily wounded.
The frozen ramparts melt away.
The black bear closely misses you. The black bear claws you.
The black bear misses you.
You hit the black bear. You freeze the black bear.
The black bear is severely wounded.
The black bear bites you! The black bear claws you.
The black bear barely misses you.
You hit the black bear. You freeze the black bear.
The black bear is almost dead.
The black bear goes berserk!
You barely miss the black bear.
The black bear is almost dead.
The black bear completely misses you. The black bear misses you.
The black bear claws you. The black bear misses you. The black bear claws you.
The black bear completely misses you.
You hit the black bear but do no damage.
The black bear is almost dead.
The black bear closely misses you. The black bear claws you. x2
* * * LOW HITPOINT WARNING * * *
The black bear closely misses you.
The black bear claws you but does no damage.
The black bear closely misses you.
Casting: Freeze (safe; 1% risk of failure)
Confirm with . or Enter, or press ? or * to list all spells.
Aiming: Freeze (safe; 1% risk of failure)
Press: ? - help, Shift-Dir - straight line, f/p - black bear
Aim: a black bear (almost dead, berserk)
You freeze the black bear.
The black bear is almost dead.
The black bear bites you!
You die...

#....'....#......#
###'#######......#
#...##....#......#
#####.........+......#
#.............#......#
#..##..######+#
#..##'## .....
#......#......
#####.@h......
#..#†..... #..# .....
#..# .... #..# ...
#..# .. #..# . ####


You could see a black bear (berserk).

Vanquished Creatures
  An ogre (D:4)
  A bombardier beetle (D:3)
  An orc priest (D:4)
  2 orc wizards
  6 gnolls
  2 adders
  2 ribbon worms
  4 dart slugs
  9 orcs
  4 bats (D:1)
  6 endoplasms
  2 giant cockroaches (D:1)
  7 goblins
  6 hobgoblins
  4 jackals (D:3)
  3 quokkas
  4 ball pythons
  3 frilled lizards
  6 kobolds
  6 rats
  A butterfly (D:4)
80 creatures vanquished.

Notes
Turn   | Place    | Note
-------+----------+-------------------------------------------
     0 | D:1      | DeltaZero the Human Ice Elementalist began the quest for
                  | the Orb.
     0 | D:1      | Reached XP level 1. HP: 13/13 MP: 3/3
   138 | D:1      | Reached XP level 2. HP: 16/19 MP: 0/5
   495 | D:1      | Reached XP level 3. HP: 24/24 MP: 4/6
  1286 | D:2      | Reached XP level 4. HP: 30/30 MP: 5/8
  1579 | D:2      | Found a faded altar of an unknown god.
  2437 | D:3      | Reached XP level 5. HP: 35/35 MP: 4/9
  2489 | D:3      | Reached skill level 5 in Ice Magic
  3046 | D:3      | Found a shimmering altar of Xom.
  3301 | D:3      | Found a faded altar of an unknown god.
  3301 | D:3      | Found a burning altar of Makhleb.
  3309 | D:3      | Found a radiant altar of Vehumet.
  3311 | D:3      | Found a glowing silver altar of Zin.
  3313 | D:3      | Found a shadowy altar of Dithmenos.
  3640 | D:3      | Became a worshipper of Vehumet
  3810 | D:4      | Noticed an ogre
  3826 | D:4      | Killed an ogre
  3827 | D:4      | Reached XP level 6. HP: 41/41 MP: 10/12
  4336 | D:4      | Learned a level 3 spell: Frozen Ramparts
  4340 | D:4      | Learned a level 3 spell: Hailstorm
  4365 | D:4      | Noticed a black bear
  4378 | D:4      | Slain by a black bear

Illustrated notes

Levels and vault maps discovered:
D:1:      wander_arrival_chamber, layout_loops_ring
D:2:      layout_loops_cross, chequers_ecumenical_altar_simple_redux
D:3:      layout_basic, chequers_temple_overflow_minitemple, xom_butterflies
D:4:      cheibrodos_greedy_goblins, layout_gridville,
          hellmonk_sif_muna_bookshelves, hex_medium,
          nicolae_twisty_statue_hallways

Skill      XL: |  1  2  3  4  5 |
---------------+----------------+-----
Spellcasting   | 3 4 |  4.7
Ice Magic      | 5 |  5.4
Fighting       | |  0.3
Maces & Flails | |  0.3
Dodging        | |  2.9
Stealth        | |  2.2
Evocations     | |  0.1

Action                     |  1- 3 |  4- 6 || total
---------------------------+-------+-------++-------
  Melee: Unarmed           |     5 |       ||     5
         Whip              |       |    25 ||    25
  Throw: Throwing net      |       |     1 ||     1
   Cast: Freeze            |    55 |    95 ||   150
         Hailstorm         |       |     3 ||     3
         Frozen Ramparts   |       |     1 ||     1
  Evoke: Wand              |       |     5 ||     5
    Use: Scroll            |       |     9 ||     9
         Potion            |       |     6 ||     6
 Armour: Robe              |    20 |    47 ||    67
  Dodge: Dodged            |    18 |    73 ||    91
